 Dungeon Crawl Stone Soup version 0.31-a0-83-gbff143cfd1 (webtiles) character file.

Game seed: 7889202683320122140

665 Esekla the Covert (level 7, -3/45 (48) HPs)
             Began as an Octopode Delver on May 24, 2023.
             Was an Initiate of Gozag.
             Slain by a wight
             ... wielding a +5 morningstar of freezing
              (13 damage)
             ... on level 5 of the Dungeon.
             The game lasted 00:18:39 (4124 turns).

Esekla the Covert (Octopode Delver)                 Turns: 4124, Time: 00:18:40

HP:   -3/45 (48)    AC:  1    Str: 17    XL:     7   Next: 57%
MP:   10/10         EV: 14    Int: 13    God:    Gozag
Gold: 249           SH:  4    Dex: 17    Spells: 5/10 levels left

rFire   + . .        a - +0 scimitar
rCold   + . .        (no shield)
rNeg    . . .        (helmet restricted)
rPois   .            (no amulet)
rElec   .            w - ring of protection from fire
rCorr   .            y - +6 ring of strength
SInv    .            (no ring)
Will    .....        (no ring)
Stlth   +++++        (no ring)
HPRegen 0.27/turn    (no ring)
MPRegen 0.12/turn    (no ring)
                     (no ring)

%: no passive effects
@: gold aura, drained
A: almost no armour, amphibious, 8 rings, camouflage 1, gelatinous body 1,
(nimble swimmer 1), tentacles, large bone plates 1, agile 1, cold resistance 1
a: Renounce Religion, Potion Petition, Call Merchant, Bribe Branch


You were on level 5 of the Dungeon.
You worshipped Gozag.
Gozag was aware of your devotion.
You visited 1 branch of the dungeon, and saw 5 of its levels.
You also visited: Sewer.

You collected 836 gold pieces.
You spent 572 gold pieces at shops.
You paid 15 gold pieces to Gozag.

Inventory:

Hand Weapons
 a - a +0 scimitar (weapon)
 r - a +0 spear
 s - a +0 dagger of venom
Missiles
 p - 10 poisoned darts (quivered)
Magical Staves
 u - a staff of death
Jewellery
 w - a ring of protection from fire (left tentacle)
 y - a +6 ring of strength (right tentacle)
Wands
 f - a wand of digging (3)
 i - a wand of polymorph (9)
Scrolls
 b - a scroll of fog
 c - a scroll of magic mapping
 d - 4 scrolls of fear
 g - a scroll of immolation {unknown}
 h - 2 scrolls of noise {unknown}
 j - 3 scrolls of teleportation {unknown}
 m - 4 scrolls of blinking {unknown}
 n - a scroll of vulnerability {unknown}
 q - 2 scrolls of enchant armour {unknown}
 t - a scroll of amnesia {unknown}
 v - 3 scrolls of identify {unknown}
 z - a scroll of brand weapon {unknown}
Potions
 e - 3 potions of haste
 k - a potion of mutation
 l - 3 potions of heal wounds
 o - a potion of invisibility {unknown}
 x - a potion of enlightenment {unknown}
 A - a potion of lignification {unknown}
 B - a potion of resistance {unknown}


   Skills:
 * Level 4.1 Fighting
 + Level 0.7(2.5) Short Blades
 * Level 3.9 Long Blades
 * Level 3.0 Dodging
 + Level 9.4 Stealth
 + Level 0.3 Shields
 * Level 2.3 Spellcasting
 * Level 1.0 Transmutations
 * Level 1.3 Ice Magic


You had 5 spell levels left.
You knew the following spells:

 Your Spells              Type           Power      Damage    Failure   Level
a - Ozocubu's Armour      Ice            5%         N/A       38%         3
b - Wereblood             Tmut           4%         N/A       24%         2

Your spell library contained the following spells:

 Spells                   Type           Power      Damage    Failure   Level
 Beastly Appendage        Tmut           8%         N/A       16%         1
 Spider Form              Tmut/Pois      2%         N/A       54%         3
 Call Canine Familiar     Summ           1%         N/A       58%         3
 Portal Projectile        Hex/Tloc       0%         N/A       63%         3
 Leda's Liquefaction      Hex/Erth       0%         N/A       95%         4
 Metabolic Englaciation   Hex/Ice        1%         N/A       99%         5
 Simulacrum               Ice/Necr       Unusable   N/A       N/A         6

Dungeon Overview and Level Annotations

Branches:
Dungeon (5/15)              Sewer (visited)
 Temple: D:4-7

Altars:
Dithmenos
Gozag
Hepliaklqana
Makhleb
Okawaru
Qazlal
Sif Muna
Wu Jian
Zin

Shops:
D:2 :


Innate Abilities, Weirdness & Mutations

You cannot wear most types of armour.
You are amphibious.
You can wear up to eight rings at the same time.
Your skin changes colour to match your surroundings (Stealth+).
Your rubbery body absorbs attacks. (AC +1, EV +1)
((You are camouflaged when in or above water. (Stealth+)))
You have tentacles for arms and can constrict up to eight enemies at once.
You are partially covered in large bone plates. (SH +4)
You are agile. (Dex +4, Str/Int -1)
Your flesh is cold resistant. (rC+)


Message History

The ogre is severely wounded.
You feel sick.
The ogre is distracted by your dazzling golden aura.
You catch the helpless ogre completely off-guard!
You impale the ogre!!
You kill the ogre!
You feel sick.
You are no longer poisoned.
Your Transmutations skill increases to level 1!
Your +0 dagger of venom stops dripping with poison.
a - a +0 scimitar (weapon)
You hit the wight. You grab the wight. You squeeze the wight.
The wight is moderately damaged.
You constrict the wight, but do no damage.
The wight hits you with a +5 morningstar of freezing.
The wight freezes you.
You barely miss the wight.
The wight is moderately damaged.
You constrict the wight, but do no damage.
The wight hits you with a +5 morningstar of freezing.
The wight freezes you.
The wight hits you with a +5 morningstar of freezing!
* * * LOW HITPOINT WARNING * * *
You feel drained.
* * * LOW HITPOINT WARNING * * *
The wight freezes you.
* * * LOW HITPOINT WARNING * * *
Press: ? - help, v - describe, . - travel, g - get item
Here: a wight, wielding a +5 morningstar of freezing and wearing a +0 robe (moderately damaged, constricted by you)
Items here: 19 gold pieces; a +0 giant spiked club.
An open door.
Unknown command.
Unknown command.
You barely miss the wight. You squeeze the wight.
The wight is severely damaged.
You constrict the wight.
Something unseen opens the door.
An adder comes into view.
A quokka comes into view.
The wight hits you with a +5 morningstar of freezing!
You die...
Your body crumbles into a pile of gold.

.......#
#...............
########
#.####.....####. #.#
##...## #.# .##.##
#.## S#.# #..## r#.#+
. ####...###...###...
#..........8.......
####.##...###@..###..
####....##..##oz#.#+
.....#####.##...#.#
####.# #.#...##.# #.#
#.#(.# ... #.# #.###
... #.# #.. .... #.#
...## ...


You could see a wight, an adder (wandering), an orc and a quokka (wandering).

Vanquished Creatures
  A black bear (D:4)
  An ogre (D:5)
  A kobold brigand (Sewer)
  A hound (D:5)
  Crazy Yiuf (D:2)
  An orc priest (D:3)
  3 orc wizards
  A gnoll (D:4)
  10 adders
  5 river rats
  3 worms (D:4)
  2 dart slugs
  6 orcs
  7 ball pythons
  10 endoplasms
  6 giant cockroaches
  4 goblins
  7 hobgoblins
  4 jackals (Sewer)
  A quokka (D:2)
  5 bats
  10 frilled lizards
  10 kobolds
  15 rats
115 creatures vanquished.

Notes
Turn   | Place    | Note
-------+----------+-------------------------------------------
     0 | D:5      | Esekla the Octopode Delver began the quest for the Orb.
     0 | D:5      | Reached XP level 1. HP: 16/16 MP: 1/1
    22 | D:5      | Found a burning altar of Makhleb.
    32 | D:5      | Found a stormy altar of Qazlal.
    37 | D:5      | Found an ornate altar of the Wu Jian Council.
    48 | D:5      | Found a hazy altar of Hepliaklqana.
    51 | D:5      | Found an opulent altar of Gozag.
   166 | D:5      | Became a worshipper of Gozag Ym Sagoz the Greedy
   210 | D:5      | Noticed a hound
   218 | D:5      | Found a shadowy altar of Dithmenos.
   497 | D:4      | Found a glowing drain.
   505 | D:4      | Reached skill level 7 in Stealth
   505 | D:4      | Reached XP level 2. HP: 21/21 MP: 2/2
   609 | Sewer    | Entered a sewer
   659 | Sewer    | Reached XP level 3. HP: 26/26 MP: 3/3
   874 | Sewer    | Reached skill level 8 in Stealth
   874 | Sewer    | Reached XP level 4. HP: 29/31 MP: 4/4
   904 | Sewer    | Noticed a kobold brigand
   912 | Sewer    | Gained mutation: You are partially covered in large bone
                  | plates. (SH +4) [potion of mutation]
   912 | Sewer    | Gained mutation: You are agile. (Dex +4, Str/Int -1)
                  | [potion of mutation]
   912 | Sewer    | Gained mutation: Your flesh is cold resistant. (rC+)
                  | [potion of mutation]
   921 | Sewer    | Killed a kobold brigand
   922 | Sewer    | Reached XP level 5. HP: 15/36 MP: 4/6
  1549 | D:3      | Reached skill level 1 in Spellcasting
  1787 | D:3      | Reached XP level 6. HP: 42/42 MP: 7/7
  2113 | D:2      | Found Kityciji's Book Shop.
  2116 | D:2      | Bought a book of Winter for 374 gold pieces
  2186 | D:2      | Learned a level 3 spell: Ozocubu's Armour
  2195 | D:2      | Found a runed translucent door.
  2198 | D:2      | Noticed Crazy Yiuf
  2482 | D:1      | Found a faded altar of an unknown god.
  2814 | D:2      | Killed Crazy Yiuf
  3194 | D:2      | Bought a book of Changes for 198 gold pieces
  3197 | D:2      | Learned a level 2 spell: Wereblood
  3273 | D:4      | Noticed a black bear
  3408 | D:4      | Reached skill level 9 in Stealth
  3694 | D:4      | Found an iron altar of Okawaru.
  3694 | D:4      | Found a shimmering blue altar of Sif Muna.
  3694 | D:4      | Found a glowing silver altar of Zin.
  3709 | D:4      | Reached XP level 7. HP: 39/47 MP: 5/10
  4041 | D:5      | Reached skill level 1 in Ice Magic
  4121 | D:5      | Reached skill level 1 in Transmutations
  4124 | D:5      | Slain by a wight

Illustrated notes

Levels and vault maps discovered:
D:1:      spicycebolla_arrival_ecumenical, layout_basic, grunt_decor_cap,
          grunt_decor_clamped, palyth_stone_intersect, nrook_campfire,
          minivault_25, minmay_circled_x
D:2:      kb_forest_paths, layout_basic, serial_rivers,
          chequers_serial_rivers_micro_a, chequers_serial_rivers_micro_e,
          chequers_serial_rivers_micro_c, chequers_serial_rivers_micro_b,
          serial_shops, nicolae_shop_tiny_real_fake_doors, minivault_26,
          st_stairs_2, minmay_vboxes, uniq_crazy_yiuf_cottage
D:3:      layout_loops_ring, chequers_serial_rivers_small_3, minmay_between
D:4:      layout_basic, gammafunk_temple_overflow_forgotten,
          portal_sewer_entry_a
D:5:      cheibrodos_barr_body, layout_loops_ring,
          grunt_dithmenos_smoke_and_mirrors, minmay_overflow_temple_star_hex,
          minmay_temple_entry_poolview

Skill      XL: |  1  2  3  4  5  6  7 |
---------------+----------------------+-----
Stealth        | 7 8 9 |  9.4
Long Blades    | 3 |  3.9
Spellcasting   | 1 2 |  2.3
Fighting       | 4 |  4.1
Dodging        | 3 |  3.0
Ice Magic      | 1 |  1.3
Transmutations | 1 |  1.0
Short Blades   | |  0.7
Shields        | |  0.3

Action                     |  1- 3 |  4- 6 |  7- 9 || total
---------------------------+-------+-------+-------++-------
  Melee: Falchion          |    56 |    87 |       ||   143
         Constrict         |    14 |    33 |     6 ||    53
         Tentacles         |    13 |    24 |    11 ||    48
         Punch             |     2 |       |       ||     2
         Dagger            |       |    66 |    25 ||    91
         Scimitar          |       |       |     3 ||     3
  Throw: Dart              |       |       |     2 ||     2
   Cast: Wereblood         |       |     1 |       ||     1
    Use: Potion            |       |     3 |       ||     3
   Stab: Sleeping          |     5 |    29 |     2 ||    36
         Distracted        |       |     3 |     2 ||     5
 Armour: Skin              |     2 |    11 |     3 ||    16
  Dodge: Dodged            |    26 |    45 |     8 ||    79
  Block: Other             |       |    14 |     1 ||    15

Table legend: (Time is in decaauts)
 A = Elapsed time spent in this place.
 B = Non-inter-level travel time spent in this place.
 C = Inter-level travel time spent in this place.
 D = Time resting spent in this place.
 E = Time spent auto-exploring this place.
 F = Levels seen in this place.
 G = Mean time per level.
                   A        B        C        D        E       F      G
               +--------+--------+--------+--------+--------+-----+--------+
         Total |   4114 |   3653 |    461 |    306 |   1313 |   6 |  685.7 |
       Dungeon |   3432 |   2971 |    461 |    208 |   1136 |   5 |  686.4 |
         Sewer |    681 |    681 |      0 |     98 |    177 |   1 |  681.0 |
               +--------+--------+--------+--------+--------+-----+--------+

Top non-repeatable levels by time:
     D:2: 1214 daAuts
     D:4: 1120 daAuts
     D:3: 742 daAuts
   Sewer: 681 daAuts
     D:5: 349 daAuts
     D:1: 5 daAuts
